 Dungeon Crawl Stone Soup version 0.30-a0-637-gacddeb6d44 (webtiles) character file.

Game seed: 4332918671075252497

871 kae the Changer (level 7, -1/57 HPs)
             Began as a Demonspawn Transmuter on Jan 15, 2023.
             Was an Initiate of Ru.
             Slain by an ogre
             ... wielding a +0 giant club
              (15 damage)
             ... on level 5 of the Dungeon.
             The game lasted 00:07:24 (4707 turns).

kae the Changer (Demonspawn Transmuter)             Turns: 4707, Time: 00:07:25

Health: -1/57      AC:  7    Str: 12    XL:     7   Next: 73%
Magic:  12/12      EV: 10    Int: 17    God:    Ru [......]
Gold:   174        SH:  0    Dex: 13    Spells: 3/13 levels left

rFire   x . .      SeeInvis +      - Unarmed
rCold   + + +      Faith    .    (shield currently unavailable)
rNeg    . . .      Spirit   .    (body armour currently unavailable)
rPois   +          Reflect  .    (helmet currently unavailable)
rElec   .          Harm     .    (cloak currently unavailable)
rCorr   .          Rampage  .    (gloves currently unavailable)
Will    .....                    (boots currently unavailable)
Stlth   +                        m - amulet "Meefuq" {Acrobat Str+2}
HPRegen 0.29/turn                L - ring of flight
MPRegen 0.13/turn                v - ring of see invisible

@: ice-form, wereblooded, flying
A: freezing attack, amphibious, boosted hp, large, (horns 1), (molten scales 1),
ignite blood 1, powered by pain 2
a: End Transformation, Renounce Religion


You were on level 5 of the Dungeon.
You worshipped Ru.
Ru was noncommittal.
You were a creature of crystalline ice.
You visited 2 branches of the dungeon, and saw 6 of its levels.

You collected 174 gold pieces.


Innate Abilities, Weirdness & Mutations

You are a creature of crystalline ice.
You have a powerful freezing melee attack.
You are amphibious.
Your maximum health is increased.
Your armour is entirely melded.
You are incapable of wielding weapons or throwing items.
((You have a pair of small horns on your head.))
((You are partially covered in molten scales. (AC +2)))
Your demonic aura sometimes causes spilled blood to erupt in flames.
You sometimes gain power by taking damage.


   Skills:
 - Level 1.0 Fighting
 - Level 1.7 Dodging
 + Level 4.2 Unarmed Combat
 + Level 3.9 Spellcasting
 * Level 5.2 Transmutations
 * Level 3.2 Ice Magic
 - Level 1.8 Poison Magic


You had 3 spell levels left.
You knew the following spells:

 Your Spells              Type           Power      Damage    Failure   Level
a - Beastly Appendage     Tmut           42%        N/A       1%          1
b - Wereblood             Tmut           21%        N/A       2%          2
c - Spider Form           Tmut/Pois      15%        N/A       11%         3
d - Ice Form              Ice/Tmut       17%        N/A       26%         4

Your spell library contained the following spells:

 Spells                   Type           Power      Damage    Failure   Level
 Apportation              Tloc           6%         N/A       16%         1
 Necrotise                Necr           12%        1d4       16%         1
 Summon Small Mammal      Summ           12%        N/A       16%         1
 Animate Dead             Necr           3%         N/A       85%         4
 Borgnjor's Vile Clutch   Necr/Erth      1%         N/A       99%         5
 Death Channel            Necr           1%         N/A       100%        6

Inventory:

Missiles
 d - 55 stones
 j - 6 javelins
Armour
 a - a +0 robe (melded)
 u - a +0 cloak (melded)
   (You took it off Crazy Yiuf on level 3 of the Dungeon)
Jewellery
 m - the amulet "Meefuq" (around neck) {Acrobat Str+2}
   (You found it on level 2 of the Dungeon)

   [amulet of the acrobat]

   It increases your evasion while moving and waiting.
   Str:       It affects your strength (+2).
 v - a ring of see invisible (right front paw)
   (You found it on level 3 of the Dungeon)
 L - a ring of flight (left front paw)
   (You found it on level 1 of the Dungeon)
Wands
 g - a wand of quicksilver (5)
   (You found it on level 4 of the Dungeon)
 o - a wand of charming (9)
   (You found it on level 4 of the Dungeon)
 s - a wand of iceblast (13)
   (You found it on level 3 of the Dungeon)
Scrolls
 c - 3 scrolls of blinking {!r}
 e - 4 scrolls of teleportation {@r4}
 l - a scroll of identify {@r1}
Potions
 b - 2 potions of lignification {!q}
 f - a potion of heal wounds {unknown}
 h - a potion of mutation {!q}
 i - a potion of berserk rage {unknown}
 k - a potion of degeneration {!q}
 p - a potion of cancellation
 t - a potion of ambrosia
 w - a potion of curing {@q1}

Dungeon Overview and Level Annotations

Branches:
Dungeon (5/15) Zot: 25394  Temple (1/1) D:4 Zot: 5912

Altars:
Ashenzari
Dithmenos
Gozag
Makhleb
Nemelex Xobeh
Okawaru
Qazlal
Ru
Trog
Uskayaw
Vehumet
Wu Jian
Xom
Yredelemnul

Shops:
D:2

[ .. ..... .##....
.....# ....# . ...# ..
..####... #o.......
####o#....##
#...YO..>...
#....#..[...
#....#.#<... #....#.#
#.. #....#'#######
#............#.
.########...........
#......................
#......................


You could see an ogre and 2 orcs.


Message History

j - 6 javelins Key pressed, stopping explore.
l - a scroll of identify {@r1} An ogre comes into view.
It is wielding a +0 giant spiked club.
The ogre shouts!
An ogre is nearby!
An ogre is nearby!
Casting: Spider Form (dangerous; 12% risk of failure)
Confirm with . or Enter, or press ? or * to list all spells.
You turn into a venomous arachnid creature.
Your +0 cloak melds into your body.
Your +0 robe melds into your body. 😎 MP[-3]
You lost 3 mp, and now have 9/12 mp.
You hit the ogre.
The ogre is poisoned.
You hit the ogre.
The ogre looks as sick as possible!
The ogre misses you.
You bite the ogre!
The ogre looks as sick as possible!
The ogre misses you.
You hit the ogre.
The ogre looks as sick as possible!
You hit the ogre but do no damage.
The ogre looks as sick as possible!
You kill the ogre!
Your Ice Magic skill increases to level 3! 😎 MP[+1]
Your transformation is almost over.
You see here a +0 giant spiked club.
Your transformation has ended.
Your +0 cloak unmelds from your body.
Your +0 robe unmelds from your body. 😎 MP[+1] Unknown command.
There is an open door here.
An orc priest comes into view. It is wielding a +0 club.
The orc priest moves out of view. 😎 MP[+1]
Your mp is fully restored (12).
Found a stone staircase leading down.
An orc comes into view. It is wielding a +0 whip.
An orc is nearby!
An orc is nearby!
Casting: Spider Form (dangerous; 12% risk of failure)
Confirm with . or Enter, or press ? or * to list all spells.
You miscast Spider Form.
You are very lightly contaminated with residual magic.
Nothing appears to happen.
The orc shouts! 😎 MP[-3]
You lost 3 mp, and now have 9/12 mp.
Unknown command.
Casting: Spider Form (dangerous; 12% risk of failure)
Confirm with . or Enter, or press ? or * to list all spells.
The spell is quite dangerous to miscast (28% risk of failure)!
Continue anyway? [Y]es or [N]o only, please.
The spell is quite dangerous to miscast (28% risk of failure)!
Continue anyway?
You turn into a creature of crystalline ice.
Your +0 cloak melds into your body.
Your +0 robe melds into your body. 😎 HP[+9] MP[-4]
You now have 57 max hp (+9).
Your hp is fully restored (57).
You lost 4 mp, and now have 5/12 mp.
An ogre comes into view. It is wielding a +0 giant club.
Found a ring mail.
Found a stone staircase leading up.
The ogre shouts!
The orc priest shouts!
You hear a shout!
Casting: Ice Form (quite dangerous; 28% risk of failure)
Confirm with . or Enter, or press ? or * to list all spells.
Your blood is infused with primal strength.
An orc comes into view. It is wielding a +0 flail. 😎 MP[-2]
You lost 2 mp, and now have 3/12 mp.
You punch the orc! You freeze the orc.
You kill the orc!
An orc comes into view. It is wielding a +0 whip.
The orc shouts!
The orc priest completely misses you.
You see here a +0 whip.
You hit the orc priest. You freeze the orc priest.
The orc priest hits you with a +0 club. The ogre hits you with a +0 giant club!
You hit the orc priest but do no damage.
You howl as the wereblood boils in your veins!
The orc priest hits you with a +0 club. 😮 HP[-18] MP[+1]
You take 18 damage, and now have 39/57 hp.
MASSIVE DAMAGE!! (PAUSE)
You hit the orc priest but do no damage.
The ogre hits you with a +0 giant club!!
* * * LOW HITPOINT WARNING * * *
You focus on the pain.
You feel your power returning.
The orc priest hits you but does no damage. 😱 HP[-27] MP[+8]
You take 27 damage, and now have 12/57 hp.
MASSIVE DAMAGE!! (PAUSE)
Your mp is fully restored (12).
The ogre attacks as you move away! The ogre closely misses you.
Your magical contamination has completely faded away.
You punch the orc priest! You freeze the orc priest.
You howl as the wereblood boils in your veins! 😱 HP[+1] Unknown command.
You punch the orc priest! You freeze the orc priest.
You feel a bit better.
You kill the orc priest!
You howl as the wereblood boils in your veins! 😱 HP[+1]
You punch the ogre! You freeze the ogre.
The ogre is engulfed in blazing flames.
The ogre hits you with a +0 giant club!
You die...

Skill      XL: |  1  2  3  4  5  6  7 |
---------------+----------------------+-----
Transmutations | 2 3 4 5 |  5.2
Unarmed Combat | 3 4 |  4.2
Poison Magic   | 1 |  1.8
Spellcasting   | 3 |  3.9
Ice Magic      | 2 3 |  3.2
Fighting       | |  1.0
Dodging        | |  1.7

Action                   |  1- 3 |  4- 6 |  7- 9 || total
-------------------------+-------+-------+-------++-------
Melee: Unarmed           |    59 |   145 |    47 ||   251
       Kick              |    12 |    11 |       ||    23
       Headbutt          |    10 |     8 |     1 ||    19
       Punch             |     1 |     1 |       ||     2
 Cast: Beastly Appendage |    17 |    13 |       ||    30
       Spider Form       |     1 |    13 |     7 ||    21
       Wereblood         |       |     6 |     2 ||     8
       Ice Form          |       |       |     2 ||     2
  Use: Potion            |       |     4 |       ||     4
       Scroll            |       |       |    11 ||    11
 Stab: Sleeping          |       |     2 |       ||     2
Armor: Robe              |     6 |    17 |       ||    23
       Skin              |       |     3 |     2 ||     5
Dodge: Dodged            |    39 |   115 |    24 ||   178

Levels and vault maps discovered:
D:1:      minmay_arrival_four_circles, layout_loops_corners,
          minmay_misc_feat_nine_boxes
D:2:      layout_basic, hellmonk_ecumenical_altar_zigzags, serial_shops, shop,
          uniq_sigmund
D:3:      layout_basic, lexackson_kobold_supper, uniq_crazy_yiuf_cottage
D:4:      layout_basic, minmay_temple_entry_sparse_star
D:5:      layout_basic, nicolae_overflow_crystal_walls, cheibriados_altar_1
Temple:   hellmonk_temple_of_storms

Notes
Turn   | Place    | Note
-------+----------+-------------------------------------------
     0 | D:1      | kae the Demonspawn Transmuter began the quest for the Orb.
     0 | D:1      | Reached XP level 1. HP: 15/15 MP: 3/3
     0 | D:1      | magus.rc [v1.11.3]
   120 | D:1      | Reached skill level 2 in Transmutations
   239 | D:1      | Gained mutation: Your demonic aura sometimes causes spilled
                  | blood to erupt in flames. [demonic ancestry]
   239 | D:1      | Reached XP level 2. HP: 15/21 MP: 3/5
   275 | D:1      | You fall into a shaft and drop 1 floor!
   402 | D:2      | Noticed Sigmund
   443 | D:1      | Learned a level 2 spell: Wereblood
   555 | D:2      | Reached skill level 3 in Unarmed Combat
   556 | D:2      | HP: 5/21 [poisoned by an adder]
   560 | D:2      | HP: 2/21 [poisoned by an adder]
  1030 | D:1      | Mutation became permanent: You have a pair of small horns
                  | on your head. [demonic ancestry]
  1030 | D:1      | Gained mutation: You have a pair of horns on your head.
                  | [demonic ancestry]
  1030 | D:1      | Reached XP level 3. HP: 21/26 MP: 4/6
  1418 | D:1      | Learned a level 3 spell: Spider Form
  1525 | D:2      | Killed Sigmund
  1526 | D:2      | Reached skill level 3 in Transmutations
  1526 | D:2      | Reached skill level 1 in Poison Magic
  1526 | D:2      | Gained mutation: You sometimes gain a little power by
                  | taking damage. [demonic ancestry]
  1526 | D:2      | Reached XP level 4. HP: 25/32 MP: 3/8
  1526 | D:2      | Gained mutation: You sometimes gain power by taking damage.
                  | [demonic ancestry]
  1526 | D:2      | Reached XP level 5. HP: 29/37 MP: 3/9
  1667 | D:2      | Identified the amulet "Meefuq" {Acrobat Str+2}
  1710 | D:2      | Found a faded altar of an unknown god.
  1869 | D:2      | HP: 9/37 [poisoned by an adder]
  2079 | D:2      | Found Icemp's Antique Armour Emporium.
  2278 | D:3      | Reached skill level 3 in Spellcasting
  2422 | D:3      | You pick up a book of Unlife and begin reading...
  2422 | D:3      | You add the spells Animate Dead, Borgnjor's Vile Clutch and
                  | Death Channel to your library.
  2617 | D:3      | Found a runed translucent door.
  2618 | D:3      | Noticed Crazy Yiuf
  2720 | D:3      | Learned a level 4 spell: Ice Form
  2733 | D:3      | Reached skill level 4 in Transmutations
  3108 | D:3      | Killed Crazy Yiuf
  3109 | D:3      | Gained mutation: You are partially covered in molten
                  | scales. (AC +2) [demonic ancestry]
  3109 | D:3      | Reached XP level 6. HP: 34/43 MP: 6/10
  3385 | D:4      | Reached skill level 1 in Ice Magic
  3448 | D:4      | Found a staircase to the Ecumenical Temple.
  3476 | Temple   | Entered the Ecumenical Temple
  3554 | Temple   | Became a worshipper of Ru the Awakened
  3589 | D:4      | You pick up a book of Cantrips and begin reading...
  3589 | D:4      | You add the spells Necrotise, Summon Small Mammal and
                  | Apportation to your library.
  3752 | D:4      | HP: 10/43 [iguana (11)]
  3759 | D:4      | HP: 6/43 [iguana (11)]
  3767 | D:4      | HP: 6/43 [hound (2)]
  3947 | D:4      | Reached skill level 2 in Ice Magic
  3947 | D:4      | Reached XP level 7. HP: 48/48 MP: 7/12
  4003 | D:4      | Reached skill level 4 in Unarmed Combat
  4358 | D:4      | Reached skill level 5 in Transmutations
  4524 | D:5      | Entered Level 5 of the Dungeon
  4565 | D:5      | Found a sparkling altar of Nemelex Xobeh.
  4664 | D:5      | Reached skill level 3 in Ice Magic
  4703 | D:5      | HP: 12/57 [ogre/+0 giant club (27)]
  4707 | D:5      | Slain by an ogre

Vanquished Creatures
  Sigmund (D:2)
  A black bear (D:4)
  2 ogres
  A necrophage (D:4)
  2 scorpions (D:4)
  Crazy Yiuf (D:3)
  A hound (D:4)
  An orc priest (D:5)
  An iguana (D:4)
  3 gnolls (D:4)
  5 adders
  2 worms
  2 dart slugs
  5 orcs
  9 endoplasms
  2 giant cockroaches (D:1)
  7 goblins
  2 hobgoblins
  2 jackals (D:4)
  10 kobolds
  6 quokkas
  8 ball pythons
  2 bats
  2 frilled lizards (D:3)
  6 rats
84 creatures vanquished.

Vanquished Creatures (others)
  5 plants (D:3)
5 creatures vanquished.

Grand Total: 89 creatures vanquished

Table legend:
 A = Non-vault XP
 B = Vault XP
 C = Vault XP percentage of total XP
 D = Non-vault monster count
 E = Vault monster count
 F = Vault count percentage of total count
                 A         B        C        D         E       F
            +---------+---------+-------+---------+---------+-------
      Total |     975 |     270 |  21.7 |      74 |      10 |  11.9
            +---------+---------+-------+---------+---------+-------
        D:1 |      24 |       0 |   0.0 |      13 |       0 |   0.0
        D:2 |      62 |     214 |  77.5 |      15 |       1 |   6.2
        D:3 |      39 |      56 |  58.9 |      17 |       9 |  34.6
        D:4 |     677 |       0 |   0.0 |      26 |       0 |   0.0
        D:5 |     173 |       0 |   0.0 |       3 |       0 |   0.0
            +---------+---------+-------+---------+---------+-------

Illustrated notes

Table legend:
 A = Kills in this place as a percentage of kills in entire the game.
 B = Kills by you in this place as a percentage of kills by you in the entire game.
 C = Kills by friends in this place as a percentage of kills by friends in the entire game.
 D = Other kills in this place as a percentage of other kills in the entire game.
 E = Experience gained in this place as a percentage of experience gained in the entire game.
 F = Experience gained in this place divided by the number of levels of this place that you have seen.
                   A       B       C       D       E      F
               +-------+-------+-------+-------+-------+----------------------
         Total | 100.0 | 100.0 |   N/A |   N/A | 100.0 | 207.5
       Dungeon | 100.0 | 100.0 |   N/A |   N/A | 100.0 | 249.0
               +-------+-------+-------+-------+-------+----------------------

Table legend: (Time is in decaauts)
 A = Elapsed time spent in this place.
 B = Non-inter-level travel time spent in this place.
 C = Inter-level travel time spent in this place.
 D = Time resting spent in this place.
 E = Time spent auto-exploring this place.
 F = Levels seen in this place.
 G = Mean time per level.
                   A        B        C        D        E       F      G
               +--------+--------+--------+--------+--------+-----+--------+
         Total |   4692 |   4542 |    150 |    257 |   3512 |   6 |  782.0 |
       Dungeon |   4604 |   4476 |    128 |    257 |   3459 |   5 |  920.8 |
        Temple |     87 |     65 |     22 |      0 |     53 |   1 |   87.0 |
               +--------+--------+--------+--------+--------+-----+--------+

Top non-repeatable levels by time:
     D:1: 1201 daAuts
     D:4: 1106 daAuts
     D:3: 1099 daAuts
     D:2: 1015 daAuts
     D:5: 182 daAuts
  Temple: 87 daAuts
